 Dungeon Crawl Stone Soup version 0.30-a0-711-gf4ac18a38d (webtiles) character file.

Game seed: 3754755979744461868

93 Lobster4 the Sneak (level 4, 0/32 HPs)
             Began as a Human Wanderer on Jan 23, 2023.
             Killed from afar by an orc wizard (6 damage)
             ... with a magic dart
             ... on level 3 of the Dungeon.
             The game lasted 00:08:35 (2870 turns).

Lobster4 the Sneak (Human Wanderer)                 Turns: 2870, Time: 00:08:36

Health: 0/32       AC:  3    Str: 10    XL:     4   Next: 91%
Magic:  2/6        EV: 11    Int: 19    God:
Gold:   158        SH:  0    Dex: 10    Spells: 2/6 levels left

rFire   . . .      SeeInvis .    o - +0 mace
rCold   . . .      Faith    .    (no shield)
rNeg    . . .      Spirit   .    c - +0 robe
rPois   .          Reflect  .    (no helmet)
rElec   .          Harm     .    d - +0 cloak
rCorr   .          Rampage  .    (no gloves)
Will    .....                    (no boots)
Stlth   ++                       (no amulet)
HPRegen 0.25/turn                (no ring)
MPRegen 0.10/turn                (no ring)

@: no status effects
A: no striking features
a: no special abilities


You were on level 3 of the Dungeon.
You visited 1 branch of the dungeon, and saw 4 of its levels.

You collected 158 gold pieces.

Inventory:

Hand Weapons
 a - a +0 sling
 b - a +0 short sword
 f - a +0 whip
 o - a +0 mace (weapon)
Missiles
 i - 3 javelins
Armour
 c - a +0 robe (worn)
 d - a +0 cloak (worn)
 k - a +0 leather armour
Scrolls
 g - 2 scrolls of identify {unknown}
 l - a scroll of blinking {unknown}
 m - a scroll of fear {unknown}
 n - 2 scrolls of summoning {unknown}
 p - a scroll of enchant armour {unknown}
 q - a scroll of teleportation {unknown}
 r - a scroll of magic mapping {unknown}
Potions
 e - a potion of curing
 h - a potion of haste
 j - 2 potions of flight {unknown}


   Skills:
 + Level 1.4 Fighting
 + Level 1.0 Ranged Weapons
 + Level 1.2 Armour
 + Level 1.3 Dodging
 - Level 4.0 Stealth
 + Level 1.5 Spellcasting
 + Level 0.6 Conjurations
 - Level 3.0 Necromancy
 - Level 1.2 Transmutations
 + Level 1.0 Earth Magic
 - Level 1.0 Poison Magic
 - Level 1.0 Evocations


You had 2 spell levels left.
You knew the following spells:

 Your Spells              Type           Power      Damage    Failure   Level
a - Sting                 Tmut/Pois      20%        1d4       11%         1
b - Stone Arrow           Conj/Erth      8%         3d7       36%         3

Your spell library contained the following spells:

 Spells                   Type           Power      Damage    Failure   Level
 Kiss of Death            Conj/Necr      32%        2d7       9%          1
 Sandblast                Erth           10%        2d5       12%         1
 Passwall                 Tmut/Erth      4%         N/A       17%         2
 Scorch                   Fire           2%         2d5       26%         2
 Vampiric Draining        Necr           12%        2d6       16%         3
 Ignite Poison            Fire/Tmut/Pois 4%         N/A       36%         3
 Portal Projectile        Hex/Tloc       2%         N/A       47%         3
 Tukima's Dance           Hex            1%         N/A       47%         3
 Anguish                  Hex/Necr       3%         N/A       67%         4
 Flame Wave               Conj/Fire      2%         2d4       83%         4
 Blade Hands              Tmut           3%         N/A       96%         5
 Summon Cactus Giant      Summ           0%         N/A       100%        6


Dungeon Overview and Level Annotations

Branches:
Dungeon (4/15)
 Temple: D:4-7

Altars:
Hepliaklqana

Annotations:
D:3 1 runed translucent door, Crazy Yiuf, Ijyb
D:4 Eustachio


Message History

The orc barely misses you. The orc closely misses you.
The orc wizard points at you and mumbles some strange words.
You are confused.
You clumsily bash the orc but do no damage.
The orc is lightly wounded.
The orc closely misses you.
The orc wizard hits you with a +0 dagger.
* * * LOW HITPOINT WARNING * * *
It was a potion of curing.
You feel better. The orc completely misses you.
The orc wizard completely misses you.
o - a +0 mace (weapon)
The orc hits you with a +0 dagger. The orc wizard casts a spell at you.
The magic dart hits you!
* * * LOW HITPOINT WARNING * * *
You sock the orc!
The orc is almost dead.
The orc hits you with a +0 dagger.
* * * LOW HITPOINT WARNING * * *
The orc wizard hits you but does no damage.
You hit the orc.
You kill the orc!
The orc wizard barely misses you.
You hit the orc wizard.
The orc wizard is severely wounded.
The orc wizard closely misses you. x2
You hit the orc wizard.
The orc wizard is almost dead.
The orc wizard closely misses you.
You hit the orc wizard but do no damage.
The orc wizard is almost dead.
The orc wizard mumbles some strange words.
The orc wizard flickers and vanishes!
Deactivating autopickup; reactivate with Ctrl-A.
Something hits you but does no damage.
You barely miss something.
You hear some strange, mumbled words.
A magic dart appears from out of thin air!
The magic dart hits you.
You die...

#.............))..# #.#
#####...#.#..########.#
#.# #.......#.#..#
###.#####.#
#.#.......#..#
#.........#
..........#[.#
#.#.#####.#
#.........#..#
#.#.......#
##.#.........#
#.#########
...#.........######.#
###########....)@{..#
###########


There were no monsters in sight!

Vanquished Creatures
  3 worms
  A dart slug (D:3)
  4 orcs (D:3)
  3 endoplasms (D:2)
  4 giant cockroaches
  10 goblins
  8 hobgoblins
  8 kobolds
  6 quokkas
  7 ball pythons
  5 bats
  4 frilled lizards
  6 rats
  A spectral hobgoblin (D:3)
70 creatures vanquished.

Notes
Turn   | Place    | Note
-------+----------+-------------------------------------------
     0 | D:1      | Lobster4 the Human Wanderer began the quest for the Orb.
     0 | D:1      | Lobster4 set off with the following items: a +0 club, a
                  | potion of haste, a +0 robe, a +0 cloak; and the following
                  | spells available to memorise: Kiss of Death, Sting,
                  | Vampiric Draining, Ignite Poison, Anguish.
     0 | D:1      | Reached XP level 1. HP: 13/13 MP: 2/2
     2 | D:1      | Learned a level 1 spell: Sting
   137 | D:1      | Reached XP level 2. HP: 19/19 MP: 0/3
   376 | D:1      | Reached XP level 3. HP: 20/25 MP: 1/4
   380 | D:1      | Learned a level 3 spell: Stone Arrow
   648 | D:1      | Reached skill level 1 in Poison Magic
   983 | D:2      | Found a faded altar of an unknown god.
  1132 | D:2      | Reached skill level 1 in Armour
  1148 | D:2      | Reached skill level 1 in Dodging
  1336 | D:2      | Reached skill level 1 in Fighting
  1336 | D:2      | Reached XP level 4. HP: 13/32 MP: 0/6
  2059 | D:3      | Reached skill level 1 in Earth Magic
  2263 | D:3      | Noticed Ijyb
  2377 | D:3      | Found a hazy altar of Hepliaklqana.
  2384 | D:3      | Reached skill level 1 in Ranged Weapons
  2617 | D:3      | Found a runed translucent door.
  2618 | D:3      | Noticed Crazy Yiuf
  2825 | D:4      | Noticed Eustachio
  2870 | D:3      | Killed from afar by an orc wizard

Illustrated notes

Levels and vault maps discovered:
D:1:      wander_arrival_desolate, layout_basic, grunt_decor_mini_mirrors
D:2:      minmay_inner_zag, layout_loops_ring,
          hellmonk_ecumenical_altar_prayer_group
D:3:      layout_loops_ring, nicolae_hepliaklqana_monster_ancestors,
          minmay_misc_feat_plants, st_stairs_6, uniq_ijyb,
          uniq_crazy_yiuf_cottage
D:4:      layout_rooms, uniq_eustachio

Skill      XL: |  1  2  3  4 |
---------------+-------------+-----
Poison Magic   | 1 |  1.0
Armour         | 1 |  1.2
Dodging        | 1 |  1.3
Fighting       | 1 |  1.4
Earth Magic    | 1 |  1.0
Ranged Weapons | 1 |  1.0
Stealth        | |  4.0
Spellcasting   | |  1.5
Conjurations   | |  0.6
Necromancy     | |  3.0
Transmutations | |  1.2
Evocations     | |  1.0

Action                     |  1- 3 |  4- 6 || total
---------------------------+-------+-------++-------
  Melee: Club              |     6 |       ||     6
         Whip              |    11 |       ||    11
         Mace              |       |     6 ||     6
         Sling             |       |     1 ||     1
   Fire: Sling             |    80 |    92 ||   172
   Cast: Sting             |    29 |    13 ||    42
    Use: Scroll            |       |     1 ||     1
         Potion            |       |     1 ||     1
   Stab: Sleeping          |     1 |       ||     1
 Armour: Robe              |    18 |    22 ||    40
  Dodge: Dodged            |    39 |    54 ||    93

Table legend: (Time is in decaauts)
 A = Elapsed time spent in this place.
 B = Non-inter-level travel time spent in this place.
 C = Inter-level travel time spent in this place.
 D = Time resting spent in this place.
 E = Time spent auto-exploring this place.
 F = Levels seen in this place.
 G = Mean time per level.
                   A        B        C        D        E       F      G
               +--------+--------+--------+--------+--------+-----+--------+
         Total |   2938 |   2725 |    213 |    110 |   1974 |   4 |  734.5 |
       Dungeon |   2938 |   2725 |    213 |    110 |   1974 |   4 |  734.5 |
               +--------+--------+--------+--------+--------+-----+--------+

Top non-repeatable levels by time:
     D:3: 1021 daAuts
     D:2: 1002 daAuts
     D:1: 909 daAuts
     D:4: 4 daAuts
